 Dungeon Crawl Stone Soup version 0.28-a0-6-g334057b17a (webtiles) character file.

Game seed: 4205420944720818641

28619 JackS81 the Thrower (level 13, -3/122 HPs)
             Began as a Troll Arcane Marksman on July 21, 2021.
             Was an Elder of Ashenzari.
             Slain by an 11-headed hydra (4 damage)
             ... on level 4 of the Lair of Beasts on Aug 1, 2023.
             The game lasted 02:34:55 (13373 turns).

JackS81 the Thrower (Troll Arcane Marksman)        Turns: 13373, Time: 02:34:56

Health: -3/122     AC: 12    Str: 21    XL:     13   Next: 10%
Magic:  9/17       EV: 16    Int: 15    God:    Ashenzari [****..]
Gold:   731        SH:  0    Dex: 14    Spells: 10/19 levels left

rFire   . . .      SeeInvis +     - Unarmed
rCold   . . .      Faith    .   (no shield)
rNeg    . . .      Spirit   .   T - +0 steam dragon scales "Cursed Together" {Range, Bglg} (curse)
rPois   .          Reflect  .   J - +2 hat of Ashenzari's Jealousy {Range, Comp} (curse)
rElec   .          Harm     .   x - +0 cloak "Behold Eternity" {Evo, Range} (curse)
rCorr   .          Rampage  .   (gloves unavailable)
Will    .....      Clarity  +   (boots unavailable)
Stlth   +.........              (no amulet)
HPRegen 1.30/turn               s - ring "Shackled Repose" {Int+6, Range, Fort} (curse)
MPRegen 0.15/turn               N - ring of the Prophetic Prison {EV+4, Range, Cun} (curse)

@: no status effects
A: large, unfitting armour, claws 3, regeneration 1, shaggy fur 1, tough skin 1,
iridescent scales 2, deformed body, MP-powered wands
a: Renounce Religion, Curse Item, Shatter the Chains


You were on level 4 of the Lair of Beasts.
You worshipped Ashenzari.
Ashenzari was greatly pleased with you.
You visited 2 branches of the dungeon, and saw 12 of its levels.
You also visited: Sewer.

You collected 731 gold pieces.

Inventory:

Hand Weapons
 h - a +0 shortbow of flaming
 p - a +0 hunting sling
 t - a +1 vorpal trident
 B - a +1 dire flail of protection
 C - the +2 flail of Evisceration {elec, Dex+2}
   (You found it on level 5 of the Dungeon)

   It occasionally discharges a powerful burst of electricity upon striking a
   foe.
   Dex:       It affects your dexterity (+2).
 G - a +4 quarterstaff of chaos
 H - the +11 rapier of an ossuary {vorpal, rCorr Int-4 SInv}
   (You found it on level 6 of the Dungeon)

   It inflicts extra damage upon your enemies.
   Int:       It affects your intelligence (-4).
   SInv:      It lets you see invisible.
   rCorr:     It protects you from acid and corrosion.
 M - a +2 spear of venom
Missiles
 f - 45 poisoned darts
 i - 274 arrows
 n - 303 stones
 o - 7 atropa-tipped darts
 q - 50 sling bullets
 v - 2 javelins
 z - 44 bolts
 O - a large rock (quivered)
 W - a boomerang
Armour
 x - the cursed +0 cloak "Behold Eternity" (worn) {Evo, Range}
   (You found it on level 4 of the Dungeon)

   It has a curse which improves the following skills: Evocations: Evocations.
   Ranged Combat: Slings, Bows, Crossbows and Throwing.
 y - a +0 leather armour
 J - the cursed +2 hat of Ashenzari's Jealousy (worn) {Range, Comp}
   (You found it on level 6 of the Dungeon)

   It has a curse which improves the following skills: Ranged Combat: Slings,
   Bows, Crossbows and Throwing.
   Companions: Summonings and Necromancy.
 K - a +2 buckler
 T - the cursed +0 steam dragon scales "Cursed Together" (worn) {Range, Bglg}
   (You found it on level 7 of the Dungeon)

   It has a curse which improves the following skills: Ranged Combat: Slings,
   Bows, Crossbows and Throwing.
   Beguiling: Conjurations, Hexes and Translocations.
 U - a +1 robe of fire resistance
Magical Staves
 P - a staff of poison
 R - a staff of fire
Jewellery
 a - a +6 ring of dexterity
 j - a +6 ring of intelligence
 s - the cursed ring "Shackled Repose" (left claw) {Int+6, Range, Fort}
   (You took it off an orc on level 3 of the Dungeon)

   [ring of intelligence]

   Int:       It affects your intelligence (+6).
   It has a curse which improves the following skills: Ranged Combat: Slings,
   Bows, Crossbows and Throwing.
   Fortitude: Armour and Shields.
 w - a +6 ring of intelligence
 N - the cursed ring of the Prophetic Prison (right claw) {EV+4, Range, Cun}
   (You found it on level 6 of the Dungeon)

   [ring of evasion]

   EV:        It affects your evasion (+4).
   It has a curse which improves the following skills: Ranged Combat: Slings,
   Bows, Crossbows and Throwing.
   Cunning:   Dodging and Stealth.
 X - a ring of willpower
 Y - a ring of ice
Wands
 I - a wand of flame (36)
 S - a wand of mindburst (5)
Scrolls
 d - 3 scrolls of teleportation
 g - a scroll of fear
 k - a scroll of fog
 m - 8 scrolls of identify
 r - 2 scrolls of amnesia
 A - 2 scrolls of blinking
 D - a scroll of magic mapping
 L - 6 scrolls of enchant weapon
 V - 2 scrolls of silence
Potions
 b - a potion of ambrosia
 e - a potion of berserk rage
 l - 4 potions of curing
 u - 2 potions of flight
 E - 2 potions of haste
 Z - a potion of magic


   Skills:
 * Level 6.5 Fighting
 * Level 13.5(19.4) Throwing
 - Level 1.0(2.3) Armour
 + Level 4.6(6.8) Dodging
 + Level 6.4 Unarmed Combat
 + Level 3.7 Spellcasting
 + Level 5.7(8.0) Hexes
 * Level 5.7(8.0) Translocations


You had 10 spell levels left.
You knew the following spells:

 Your Spells              Type           Power      Damage    Failure   Level
a - Corona                Hex            28%        N/A       1%          1
b - Portal Projectile     Hex/Tloc       52%        N/A       1%          3
c - Slow                  Hex            26%        N/A       1%          2
d - Summon Guardian Gole  Hex/Summ       15%        N/A       10%         3

Your spell library contained the following spells:

 Spells                   Type           Power      Damage    Failure   Level
 Tukima's Dance           Hex            26%        N/A       1%          3
 Cause Fear               Hex            13%        N/A       7%          4
 Passage of Golubria      Tloc           N/A        N/A       7%          4
 Inner Flame              Hex/Fire       14%        N/A       11%         3
 Summon Small Mammal      Summ           12%        N/A       17%         1
 Passwall                 Tmut/Erth      1%         N/A       28%         2
 Call Canine Familiar     Summ           3%         N/A       45%         3
 Swiftness                Air            2%         N/A       50%         3
 Yara's Violent Unravell  Hex/Tmut       7%         3d5       69%         5
 Invisibility             Hex            13%        N/A       71%         6


Dungeon Overview and Level Annotations

Branches:
Dungeon (8/15)             Temple (0/1) D:7            Lair (4/6) D:8
  Swamp (0/4) Lair:4       Spider (0/4) Lair:2        Sewer (visited)

Altars:
Ashenzari
Fedhas
Nemelex Xobeh
Sif Muna

Shops:
D:6 [

Annotations:
Lair:3 3 runed translucent doors, hitsuchi's ghost, journeyman NaVM


Innate Abilities, Weirdness & Mutations

You are too large for most types of armour.
You have claws for hands.
Your natural rate of healing is unusually fast.
You are covered in fur. (AC +1)
You have tough skin. (AC +1)
You are mostly covered in iridescent scales. (AC +4)
Armour fits poorly on your strangely shaped body.
You expend magic power (3 MP) to strengthen your wands.


Message History

* * * LOW HITPOINT WARNING * * *
The 11-headed hydra bites you!
* * * LOW HITPOINT WARNING * * *
The 11-headed hydra bites you!
* * * LOW HITPOINT WARNING * * *
The 11-headed hydra bites you but does no damage.
The 11-headed hydra barely misses you. The 11-headed hydra closely misses you.
The 11-headed hydra bites you but does no damage.
Throw: 3 large rocks
Press: ? - help, Q - select action, (/) - cycle Shift-Dir - straight line, f/p - 11-headed hydra
Aim: an 11-headed hydra (almost dead, 84% to hit)
You throw a large rock.
The large rock completely misses the 11-headed hydra.
The 11-headed hydra completely misses you.
The 11-headed hydra barely misses you.
The 11-headed hydra bites you but does no damage.
The 11-headed hydra closely misses you. The 11-headed hydra bites you!
* * * LOW HITPOINT WARNING * * *
The 11-headed hydra bites you but does no damage.
The 11-headed hydra closely misses you.
The 11-headed hydra bites you but does no damage.
The 11-headed hydra bites you.
* * * LOW HITPOINT WARNING * * *
The 11-headed hydra bites you.
* * * LOW HITPOINT WARNING * * *
The 11-headed hydra barely misses you.
Throw: 2 large rocks
Press: ? - help, Q - select action, (/) - cycle Shift-Dir - straight line, f/p - 11-headed hydra
Aim: an 11-headed hydra (almost dead, 84% to hit)
You throw a large rock.
The large rock hits the 11-headed hydra!
The 11-headed hydra is almost dead.
The 11-headed hydra bites you.
* * * LOW HITPOINT WARNING * * *
The 11-headed hydra closely misses you. The 11-headed hydra bites you.
* * * LOW HITPOINT WARNING * * *
The 11-headed hydra bites you.
Bones file is buggy: /crawl-master/crawl-git/saves/bones/bones.store.Lair-4 Clearing bad bones file: /crawl-master/crawl-git/saves/bones/bones.store.Lair-4 You die...

............(### * ,
..........Y..##
.....^......(.# ##### ,
............Y.## ######
.........##...########.##
*
........###...####..#†###
,**
.##.....*##...###......##
* ##
#....*###.(#♣♣......## *
#...,*##....(@D.....(## ,
*,,** ##.....†..P....# *
* ##..(..♣♣♣....## ,,
##...(.♣$♣....# ,
*###..(..♣♣8....# *
,###÷.♣.....P..P# **,
,##.#..........## ,,
####.......♣.## ,*
.###........###


You could see a 11-headed hydra.

Vanquished Creatures
  Kirke (Lair:4)
  A boulder beetle (D:7)
  4 hydras
  A two-headed ogre (D:7)
  6 death yaks (Lair:4)
  Nergalle (Lair:3)
  A lindwurm (Lair:2)
  A cyclops (D:7)
  A manticore (D:7)
  2 black mambas
  9 cane toads
  2 rime drakes
  5 komodo dragons
  A polar bear (Lair:2)
  4 blink frogs (Lair:4)
  21 yaks
  2 wyverns
  A wraith (D:8)
  2 basilisks
  4 vampire mosquitoes (D:7)
  2 steam dragons
  Edmund (D:5)
  12 water moccasins
  2 sky beasts
  2 ice beasts
  A black bear (D:6)
  4 ogres
  A necrophage (D:5)
  3 wolves
  6 centaurs
  3 phantoms
  2 kobold brigands
  6 gnoll sergeants
  17 bullfrogs
  A scorpion (D:4)
  A wyvern skeleton (D:7)
  5 wights (D:8)
  A howler monkey (D:6)
  3 centaur zombies
  2 gnoll shamans
  2 hounds (D:6)
  3 orc priests
  Crazy Yiuf (D:5)
  3 iguanas
  Terence (D:2)
  A centaur skeleton (D:7)
  5 orc wizards
  A scorpion zombie (D:5)
  2 hell rats (Lair:2)
  34 gnolls
  6 adders
  11 river rats
  2 white imps
  An ufetubus (D:7)
  An adder skeleton (D:5)
  A worm (D:2)
  3 dart slugs
  25 orcs
  3 bats
  8 endoplasms
  2 giant cockroaches
  8 goblins
  4 hobgoblins
  17 jackals
  4 quokkas
  3 ball pythons
  A frilled lizard (D:2)
  6 kobolds
  8 rats
312 creatures vanquished.

Vanquished Creatures (others)
  A black mamba (Lair:4)
  A cane toad (Lair:4)
  A wyvern (Lair:4)
  A yak (Lair:4)
  7 humans (Lair:4)
  23 fungi
  41 plants
75 creatures vanquished.

Grand Total: 387 creatures vanquished

Notes
Turn   | Place    | Note
-------+----------+-------------------------------------------
     0 | D:1      | JackS81 the Troll Arcane Marksman began the quest for the
                  | Orb.
     0 | D:1      | Reached XP level 1. HP: 18/18 MP: 1/1
    27 | D:1      | Reached skill level 2 in Throwing
   133 | D:1      | Reached XP level 2. HP: 26/26 MP: 2/2
   255 | D:1      | Found a faded altar of an unknown god.
   280 | D:1      | Became a worshipper of Ashenzari the Shackled
   498 | D:2      | Noticed Terence
   512 | D:2      | Killed Terence
   513 | D:2      | Reached XP level 3. HP: 32/32 MP: 1/3
   584 | D:2      | Found a shimmering blue altar of Sif Muna.
   599 | D:2      | Learned a level 3 spell: Portal Projectile
   765 | D:2      | Reached skill level 3 in Throwing
   886 | D:2      | Reached XP level 4. HP: 40/40 MP: 4/4
  1259 | D:3      | Found a sparkling altar of Nemelex Xobeh.
  1338 | D:3      | Reached XP level 5. HP: 46/46 MP: 5/5
  1457 | D:3      | Reached skill level 4 in Throwing
  1472 | D:3      | Found a glowing drain.
  1481 | Sewer    | Entered a sewer
  1584 | Sewer    | Identified the cursed +1 robe of the Bound Stars {Range,
                  | Comp}
  1610 | Sewer    | Found a glowing silver altar of Zin.
  1811 | D:4      | Reached skill level 5 in Throwing
  1811 | D:4      | Reached XP level 6. HP: 54/54 MP: 6/6
  1819 | D:4      | Reached skill level 1 in Translocations
  2013 | D:4      | Reached XP level 7. HP: 46/54 MP: 1/7
  2500 | D:4      | Reached skill level 6 in Throwing
  2624 | D:4      | Reached skill level 1 in Unarmed Combat
  2751 | D:4      | Reached * piety under Ashenzari
  2818 | D:5      | Entered Level 5 of the Dungeon
  2923 | D:5      | Identified the +2 flail of Evisceration {elec, Dex+2}
  3026 | D:5      | Noticed Edmund
  3101 | D:5      | Killed Edmund
  3102 | D:5      | Reached XP level 8. HP: 60/68 MP: 2/9
  3192 | D:5      | Reached skill level 7 in Throwing
  3192 | D:5      | Reached skill level 1 in Armour
  3337 | D:5      | Found a blossoming altar of Fedhas.
  3440 | D:5      | Reached skill level 1 in Fighting
  3533 | D:5      | Found a runed translucent door.
  3534 | D:5      | Noticed Crazy Yiuf
  3989 | D:5      | Killed Crazy Yiuf
  4146 | D:6      | Identified the +11 rapier of an ossuary {vorpal, rCorr
                  | Int-4 SInv}
  4294 | D:6      | Reached skill level 8 in Throwing
  4353 | D:6      | Found Nijeat's Antique Armour Boutique.
  4452 | D:6      | Reached XP level 9. HP: 79/79 MP: 10/10
  5013 | D:6      | Reached skill level 9 in Throwing
  5280 | D:6      | Reached ** piety under Ashenzari
  5552 | D:7      | Learned a level 2 spell: Slow
  5895 | D:7      | Noticed a cyclops
  6093 | D:7      | Reached *** piety under Ashenzari
  6110 | D:7      | Found a staircase to the Ecumenical Temple.
  6148 | D:7      | Noticed a manticore
  6167 | D:7      | Killed a manticore
  6168 | D:7      | Reached XP level 10. HP: 91/91 MP: 4/12
  6410 | D:7      | Noticed a two-headed ogre
  6444 | D:7      | Killed a two-headed ogre
  6445 | D:7      | Reached skill level 10 in Throwing
  6508 | D:7      | Noticed a boulder beetle
  6523 | D:7      | Killed a boulder beetle
  7143 | D:7      | Killed a cyclops
  7252 | D:8      | Reached **** piety under Ashenzari
  7421 | D:8      | Found a staircase to the Lair.
  7855 | D:8      | Noticed a two-headed ogre
  8344 | Lair:1   | Entered Level 1 of the Lair of Beasts
  8345 | Lair:1   | Upgraded the game from 0.27-a0-1597-ge58577e147 to
                  | 0.28-a0-2-g643f2454ad
  8389 | Lair:1   | Noticed a cane toad
  8395 | Lair:1   | Killed a cane toad
  8396 | Lair:1   | Reached XP level 11. HP: 101/101 MP: 6/13
  8548 | Lair:1   | Noticed a five-headed hydra
  8742 | Lair:1   | Reached skill level 11 in Throwing
  8749 | Lair:1   | Reached skill level 5 in Hexes
  9318 | Lair:1   | Killed a five-headed hydra
  9319 | Lair:1   | Reached skill level 5 in Fighting
  9326 | Lair:1   | Reached skill level 5 in Unarmed Combat
  9344 | Lair:1   | Identified the cursed +0 cloak "Behold Eternity" {Evo,
                  | Range} (You found it on level 4 of the Dungeon)
  9344 | Lair:1   | Identified the cursed +2 hat of Ashenzari's Jealousy
                  | {Range, Comp} (You found it on level 6 of the Dungeon)
  9886 | Lair:2   | Upgraded the game from 0.28-a0-2-g643f2454ad to
                  | 0.28-a0-6-g334057b17a
  9890 | Lair:2   | Learned a level 3 spell: Summon Guardian Golem
 10047 | Lair:2   | Reached skill level 12 in Throwing
 10090 | Lair:2   | Gained mutation: You expend magic power (3 MP) to
                  | strengthen your wands. [potion of mutation]
 10090 | Lair:2   | Gained mutation: Armour fits poorly on your strangely
                  | shaped body. [potion of mutation]
 10090 | Lair:2   | Gained mutation: You are partially covered in iridescent
                  | scales. (AC +2) [potion of mutation]
 10090 | Lair:2   | Gained mutation: You are mostly covered in iridescent
                  | scales. (AC +4) [potion of mutation]
 10113 | Lair:2   | Found a hole to the Spider Nest.
 10131 | Lair:2   | Noticed a six-headed hydra
 10147 | Lair:2   | Killed a six-headed hydra
 10215 | Lair:2   | Reached XP level 12. HP: 81/111 MP: 12/15
 10223 | Lair:2   | Noticed a five-headed hydra
 10252 | Lair:2   | Killed a five-headed hydra
 10415 | Lair:2   | Noticed a seven-headed hydra
 10466 | Lair:2   | Killed a seven-headed hydra
 10467 | Lair:2   | Reached skill level 5 in Translocations
 11614 | Lair:3   | Found a runed translucent gate.
 11614 | Lair:3   | Found a runed translucent gate.
 11617 | Lair:3   | Noticed a catoblepas
 11645 | Lair:3   | Noticed a minotaur
 11646 | Lair:3   | Noticed hitsuchi's ghost (journeyman NaVM)
 11649 | Lair:3   | Found a runed translucent gate.
 11841 | Lair:3   | Noticed Nergalle
 11852 | Lair:3   | Killed Nergalle
 12540 | Lair:4   | Reached skill level 13 in Throwing
 12553 | Lair:4   | Noticed a death yak
 12557 | Lair:4   | Noticed a death yak
 12557 | Lair:4   | Noticed a death yak
 12558 | Lair:4   | Noticed a death yak
 12753 | Lair:4   | Found a staircase to the Swamp.
 13002 | Lair:4   | Noticed a death yak
 13011 | Lair:4   | Noticed Kirke
 13018 | Lair:4   | Noticed a sphinx
 13044 | Lair:4   | Identified the cursed +0 steam dragon scales "Cursed
                  | Together" {Range, Bglg} (You found it on level 7 of the
                  | Dungeon)
 13044 | Lair:4   | Identified the cursed ring "Shackled Repose" {Int+6, Range,
                  | Fort} (You took it off an orc on level 3 of the Dungeon)
 13044 | Lair:4   | Identified the cursed ring of the Prophetic Prison {EV+4,
                  | Range, Cun} (You found it on level 6 of the Dungeon)
 13051 | Lair:4   | Killed Kirke
 13210 | Lair:4   | Killed a death yak
 13221 | Lair:4   | Noticed a death yak
 13242 | Lair:4   | Killed a death yak
 13253 | Lair:4   | Noticed a death yak
 13255 | Lair:4   | Noticed a death yak
 13255 | Lair:4   | Noticed a death yak
 13270 | Lair:4   | Noticed a death yak
 13273 | Lair:4   | Killed a death yak
 13274 | Lair:4   | Reached XP level 13. HP: 107/122 MP: 3/17
 13373 | Lair:4   | HP: 1/122 [11-headed hydra (6)]
 13373 | Lair:4   | Slain by an 11-headed hydra

Illustrated notes

Levels and vault maps discovered:
D:1:      minmay_arrival_loop, layout_rooms, hellmonk_ecumenical_altar_run_dry
D:2:      layout_rooms, basic_altar, uniq_terence
D:3:      layout_rooms, nemelex_dance_club_becter, portal_sewer_entry_b
D:4:      layout_loops_ring, minmay_surrounded
D:5:      layout_gridville, mainiacjoe_overflow_alcove_2, uniq_edmund,
          uniq_crazy_yiuf_cottage
D:6:      layout_cave_pools, serial_gnoll_camp, gnoll_camp_huts_moat,
          gnoll_camp_mini_hut, gnoll_camp_mini_hut, gnoll_camp_mini_loothouse,
          gnoll_camp_mini_sergeant, gnoll_camp_mini_hut, serial_shops, shop,
          serial_bayou_crossing
D:7:      minmay_opposing_rooms, layout_basic, minmay_temple_entry_junction
D:8:      minmay_klotski, layout_basic, lair_entry_dummy
Lair:1:   layout_long_grid, st_stairs_12, beast_lair_carwin_7,
          grunt_megastairs_3
Lair:2:   nzn_winding_woodlands_small [nzn_winding_woodlands_5x15_parted,
          nzn_winding_woodlands_center_garden,
          nzn_winding_woodlands_5x15_pathside_ponds], layout_cave_pods,
          spider_nest_entry_web_field, kennysheep_rathole,
          infiniplex_staircase_pool, grunt_megastairs_4
Lair:3:   layout_misc_corridors, maelrawn_ghost_gauntlet_escape, uniq_nergalle
Lair:4:   layout_cave_pods, palyth_hydra_swamp_entry,
          chequers_serial_rivers_small_b, grunt_forest_small_clearing_treed,
          uniq_kirke, uniq_snorg

Skill      XL: |  1  2  3  4  5  6  7  8  9 10 11 12 |
---------------+-------------------------------------+-----
Throwing       | 2 3 5 6 8 9 10 12 13 | 13.5
Translocations | 1 2 3 4 5 |  5.7
Hexes          | 3 4 5 |  5.7
Dodging        | 2 3 4 |  4.6
Unarmed Combat | 1 2 3 4 5 6 |  6.4
Armour         | 1 |  1.0
Fighting       | 2 3 4 5 6 |  6.5
Spellcasting   | 2 3 |  3.7

Action                   |  1- 3 |  4- 6 |  7- 9 | 10-12 | 13-15 || total
-------------------------+-------+-------+-------+-------+-------++-------
Melee: Unarmed           |    43 |    96 |   194 |   257 |    25 ||   615
       Punch             |       |       |     3 |     4 |     2 ||     9
 Fire: Hunting sling     |       |       |       |     8 |       ||     8
Throw: Large rock        |    18 |    27 |    32 |    55 |     7 ||   139
       Boomerang         |    27 |    47 |    80 |    39 |       ||   193
       Throwing net      |     1 |       |     7 |     6 |     1 ||    15
       Stone             |     1 |       |   133 |   380 |       ||   514
       Dart              |       |       |    58 |    53 |    12 ||   123
       Javelin           |       |       |       |    11 |     5 ||    16
 Cast: Corona            |     4 |     1 |    17 |    30 |       ||    52
       Portal Projectile |       |     3 |    15 |    31 |     1 ||    50
       Slow              |       |       |       |     5 |       ||     5
       Summon Guardian G |       |       |       |     7 |       ||     7
Invok: Curse Item        |       |     1 |     3 |     2 |       ||     6
       Shatter the Chain |       |       |       |     1 |       ||     1
Evoke: Wand              |       |       |     3 |    15 |       ||    18
  Use: Scroll            |       |     1 |     1 |     2 |       ||     4
       Potion            |       |     2 |       |     9 |     1 ||    12
 Stab: Sleeping          |       |       |     1 |       |       ||     1
       Held in net/web   |       |       |     2 |     2 |     1 ||     5
       Distracted        |       |       |       |     1 |       ||     1
       Invisible         |       |       |       |       |     2 ||     2
Armor: Robe              |    24 |    42 |    95 |    34 |       ||   195
       Skin              |       |    16 |       |    18 |       ||    34
       Steam dragon scal |       |       |       |    50 |    18 ||    68
Dodge: Dodged            |    34 |    71 |   145 |   310 |    56 ||   616

Table legend: (Time is in decaauts)
 A = Elapsed time spent in this place.
 B = Non-inter-level travel time spent in this place.
 C = Inter-level travel time spent in this place.
 D = Time resting spent in this place.
 E = Time spent auto-exploring this place.
 F = Levels seen in this place.
 G = Mean time per level.
                   A        B        C        D        E       F      G
               +--------+--------+--------+--------+--------+-----+--------+
         Total |  13258 |  12983 |    275 |   1085 |   7639 |  13 | 1019.8 |
       Dungeon |   8206 |   7976 |    230 |    388 |   5204 |   8 | 1025.8 |
          Lair |   4846 |   4802 |     44 |    672 |   2323 |   4 | 1211.5 |
         Sewer |    204 |    204 |      0 |     25 |    111 |   1 |  204.0 |
               +--------+--------+--------+--------+--------+-----+--------+

Top non-repeatable levels by time:
  Lair:2: 1712 daAuts
     D:7: 1568 daAuts
     D:6: 1453 daAuts
  Lair:1: 1378 daAuts
     D:5: 1269 daAuts
     D:8: 1223 daAuts
     D:4: 1005 daAuts
  Lair:3: 995 daAuts
  Lair:4: 760 daAuts
     D:2: 673 daAuts
     D:3: 519 daAuts
     D:1: 494 daAuts
   Sewer: 204 daAuts
